Map: Dystopian Complex

Players

andyacz - Winner!

  • Race: Protoss Protoss
  • Spawn Location: 1:00

hitman

  • Race: Zerg Zerg
  • Spawn Location: 7:00

DarthVader - Winner!

  • Race: Zerg Zerg
  • Spawn Location: 1:00

DollarEuro

  • Race: Protoss Protoss
  • Spawn Location: 7:00

Neeb - Winner!

  • Race: Terran Terran
  • Spawn Location: 1:00

Cannes

  • Race: Protoss Protoss
  • Spawn Location: 7:00

Saber - Winner!

  • Race: Zerg Zerg
  • Spawn Location: 1:00

Serg

  • Race: Protoss Protoss
  • Spawn Location: 7:00

VOD

Have the link to the VOD?

Description

Time

  • Played on: Nov. 10, 2025, 11:44 p.m.
  • Length: 15:58
Show
View Real Time Build Order
Export as new Build Order

andyacz Protoss - Winner!

Build Orders: 1 Gate Expand, Blink Stalkers 

Get SALT Encoding   

  12  0:00  Probe  
  13  0:12  Probe  
  14  0:21  Pylon  
  14  0:25  Probe  
  15  0:35  Probe  
  15  0:41  Gateway  
  16  0:43  Probe  
  17  0:50  Assimilator  
  17  0:54  Probe  
  18  0:57  Assimilator  
  18  1:08  Probe  
  19  1:24  Nexus  
  19  1:39  Cybernetics Core  
  19  1:41  Probe  
  20  1:48  Assimilator  
  20  1:57  Pylon  
  20  1:58  Probe  
  21  2:12  Stalker, Probe  
  24  2:16  Warp Gate  
  24  2:24  Probe  
  25  2:32  Twilight Council  
  25  2:35  Probe  
  25  2:36  Probe  
  27  2:39  Blink  
  27  2:43  Probe  
  27  2:48  Probe  
  29  2:51  Probe  
  30  3:00  Probe  
  30  3:05  Probe  
  33  3:12  Probe  
  33  3:14  Stalker  
  33  3:17  Probe  
  34  3:30  Probe x2  
  36  3:35  Robotics Facility  
  36  3:40  Gateway  
  36  3:42  Probe x2  
  38  3:51  Gateway  
  38  3:54  Probe  
  39  3:56  Probe  
  39  4:02  Pylon  
  40  4:07  Gateway  
  40  4:14  Gateway x2  
  40  4:17  Pylon  
  40  4:23  Pylon  
  40  4:29  Pylon  
  40  4:30  Probe x2  
  42  4:38  Warp Prism  
  44  4:49  Assimilator, Probe x2  
  46  4:53  Assimilator  
  46  5:01  Charge  
  46  5:09  Probe x2  
  48  5:14  Stalker  
  48  5:15  Stalker x3  
  57  5:21  Probe x2  
  58  5:30  Shield Battery  
  58  5:33  Probe x2  
  60  5:39  Immortal  
  64  5:45  Probe x2  
  66  5:57  Probe  
  66  5:58  Stalker x5, Probe  
  78  6:27  Pylon  
  78  6:30  Pylon  
  78  6:45  Immortal, Probe x2  
  78  6:46  Nexus  
  84  6:47  Pylon  
  84  6:55  Pylon  
  84  6:58  Zealot x5  
  94  7:05  Probe x2  
  96  7:10  Forge  
  96  7:17  Probe x2  
  98  7:27  Templar Archives  
  99  7:30  Probe x2  
  99  7:32  Pylon  
  99  7:33  Pylon  
  100  7:42  Probe x2  
  102  7:53  Zealot x5  
  102  7:54  Zealot  
  102  7:55  Immortal  
  114  8:03  Probe  
  119  8:07  Psionic Storm, Protoss Ground Weapons Level 1  
  105  8:20  Stalker x3  
  105  8:23  Assimilator  
  105  8:25  Assimilator  
  111  8:42  Forge  
  111  8:49  Photon Cannon  
  111  8:51  Probe x2  
  111  8:52  Photon Cannon  
  111  8:54  Shield Battery  
  111  8:55  High Templar x6  
  125  9:01  Archon  
  125  9:02  Protoss Ground Armor Level 1, Archon  
  125  9:09  Pylon  
  125  9:11  Pylon  
  125  9:12  Pylon  
  125  9:31  Gateway  
  125  9:33  Gateway  
  125  9:35  Gateway  
  125  9:36  Gateway  
  125  9:40  High Templar x2  
  125  9:41  High Templar x4  
  137  9:49  Pylon  
  137  9:50  Pylon  
  137  9:53  Archon x2  
  137  9:54  Archon  
  137  10:11  Observer  
  138  10:16  Protoss Ground Weapons Level 2  
  138  10:30  High Templar x4  
  138  10:35  Nexus, Sentry  
  148  10:36  Pylon x2  
  148  10:37  Zealot x5  
  148  10:40  Assimilator  
  148  10:42  Assimilator  
  158  10:57  Pylon  
  158  11:00  Pylon  
  158  11:08  Stargate x2, Photon Cannon  
  158  11:10  Photon Cannon  
  158  11:11  Stargate  
  158  11:31  Photon Cannon  
  158  11:33  Photon Cannon  
  158  11:34  Photon Cannon  
  158  11:37  Zealot x2  
  158  11:38  Zealot x3  
  158  12:10  Observer  
  159  12:16  Zealot x2  
  163  12:36  Fleet Beacon  
  79  13:11  Tempest  
  79  13:12  Tempest  
  79  13:13  Tempest  
  91  13:27  Protoss Shields Level 1  
  89  13:36  Protoss Air Armor Level 1, Stargate  
  89  13:38  Stargate  
  89  13:40  Stargate  
  89  13:43  Stalker x2  
  89  13:44  Stalker x6  
  89  13:45  Stalker x2  
  109  13:54  Tempest  
  113  14:14  Tempest x2  
  119  14:24  Tempest x2  
  119  14:25  Tempest  
  119  14:27  Nexus  
  131  14:37  Zealot x2  
  131  14:38  Zealot x6  
  147  14:52  Tempest  
  138  14:57  Tempest x2  
  142  15:09  Tempest x2  
  146  15:34  Assimilator  
  146  15:35  Assimilator  
  146  15:37  High Templar x2  
Show
View Real Time Build Order
Export as new Build Order

hitman Zerg 

Build Orders: Hatch First 

Get SALT Encoding   

  12  0:00  Drone  
  13  0:12  Drone  
  14  0:20  Drone, Extractor  
  14  0:21  Extractor  
  14  0:23  Drone  
  14  0:25  Overlord  
  16  0:40  Hatchery  
  15  0:46  Drone  
  15  0:49  Drone  
  17  0:57  Extractor  
  17  1:00  Drone, Spawning Pool  
  16  1:04  Extractor  
  16  1:07  Drone  
  16  1:20  Drone  
  17  1:28  Drone  
  17  1:32  Hatchery  
  17  1:41  Drone  
  18  1:54  Hatchery  
  17  1:55  Queen  
  17  2:00  Drone  
  20  2:03  Zergling x2  
  20  2:04  Zergling x2  
  20  2:08  Zergling x2  
  23  2:14  Metabolic Boost  
  23  2:25  Roach Warren  
  23  2:28  Drone  
  23  2:32  Drone  
  23  2:34  Drone  
  25  2:38  Drone  
  25  2:41  Drone  
  27  2:44  Drone  
  27  2:48  Drone  
  29  2:51  Drone  
  29  2:52  Drone  
  30  3:07  Drone  
  30  3:08  Drone x3  
  30  3:09  Drone  
  30  3:12  Drone x2  
  37  3:16  Zergling x4  
  37  3:19  Zergling x2  
  40  3:28  Drone  
  40  3:30  Zergling x2  
  40  3:32  Drone  
  40  3:43  Overlord x4  
  40  3:44  Overlord  
  40  4:03  Drone x3  
  40  4:04  Drone x5  
  40  4:05  Drone, Zergling x4  
  40  4:06  Zergling x2  
  51  4:10  Roach  
  51  4:15  Roach  
  54  4:17  Roach x3  
  54  4:20  Spine Crawler  
  59  4:24  Roach  
  59  4:25  Roach  
  59  4:29  Roach x2  
  59  4:30  Roach  
  64  4:32  Roach  
  63  4:40  Roach x3  
  63  4:42  Roach  
  71  4:48  Roach  
  71  4:52  Lair  
  73  4:54  Roach  
  73  4:55  Roach x2  
  73  4:59  Roach  
  80  5:07  Drone  
  80  5:09  Overlord x5  
  80  5:19  Extractor  
  79  5:27  Evolution Chamber  
  79  5:28  Zergling x14  
  80  5:29  Evolution Chamber  
  80  5:31  Drone  
  80  5:32  Drone  
  80  5:33  Evolution Chamber  
  85  5:37  Drone  
  85  5:42  Roach x3  
  92  5:49  Glial Reconstitution  
  92  5:51  Roach x3  
  92  5:53  Roach  
  100  6:02  Roach x3  
  100  6:04  Roach  
  86  6:13  Roach x3  
  86  6:15  Roach  
  85  6:25  Roach x3  
  77  6:26  Roach  
  77  6:29  Drone  
  78  6:33  Drone  
  78  6:34  Zerg Missile Weapons Level 1, Zerg Ground Armor Level 1  
  78  6:35  Drone x2  
  81  6:41  Drone  
  81  6:43  Drone  
  81  6:44  Hatchery  
  81  6:45  Drone  
  83  6:49  Drone  
  83  6:51  Drone  
  85  6:54  Drone  
  85  6:56  Drone  
  85  6:57  Drone  
  88  7:03  Drone  
  88  7:04  Extractor  
  88  7:06  Drone x2, Extractor  
  88  7:08  Drone, Tunneling Claws  
  90  7:12  Drone  
  91  7:16  Extractor  
  91  7:18  Drone x2  
  91  7:19  Drone  
  93  7:23  Drone  
  93  7:27  Drone x2  
  93  7:29  Drone  
  97  7:35  Drone, Zerg Melee Weapons Level 1  
  98  7:37  Infestation Pit  
  98  7:43  Drone x3  
  100  7:46  Drone  
  100  7:47  Extractor  
  100  7:48  Drone  
  100  7:49  Drone  
  102  7:55  Hatchery  
  102  7:57  Hatchery  
  101  7:58  Drone x2  
  101  7:59  Drone x2  
  101  8:00  Drone  
  96  8:14  Drone x2  
  96  8:19  Roach x6  
  110  8:24  Drone x3  
  113  8:27  Hive  
  113  8:28  Drone x2  
  113  8:30  Drone  
  116  8:37  Drone x2  
  116  8:38  Drone  
  116  8:39  Roach  
  121  8:47  Nydus Network  
  120  8:51  Nydus Network  
  120  8:52  Nydus Network  
  120  8:53  Drone x3  
  120  8:55  Nydus Network  
  120  8:57  Extractor, Roach x3, Overlord  
  120  8:58  Overseer, Overlord  
  120  9:02  Overlord x2  
  125  9:07  Roach  
  125  9:08  Roach x2  
  125  9:09  Roach  
  133  9:16  Roach x4  
  134  9:20  Roach x2  
  134  9:21  Roach x2  
  138  9:24  Nydus Canal  
  138  9:32  Roach x7  
  138  9:33  Roach  
  154  9:43  Roach x4  
  154  9:44  Overseer  
  162  9:48  Overseer  
  160  9:53  Overseer  
  160  9:56  Roach  
  162  10:00  Nydus Canal  
  162  10:21  Overlord x4  
  162  10:22  Overlord  
  162  10:34  Zerg Missile Weapons Level 2, Zerg Ground Armor Level 2  
  162  10:35  Zerg Melee Weapons Level 2  
  162  10:36  Overlord x2  
  162  10:37  Overlord x5  
  162  10:40  Roach  
  162  10:41  Roach x4  
  172  10:46  Hydralisk Den  
  171  10:51  Nydus Canal  
  171  10:55  Roach x5  
  171  10:56  Roach x6  
  171  10:57  Roach x3  
  199  11:10  Overseer  
  199  11:11  Overseer x5  
  199  11:24  Overlord x3  
  199  11:26  Nydus Canal  
  199  11:27  Nydus Canal  
  199  11:29  Nydus Canal  
  199  11:30  Nydus Canal  
  199  11:54  Pneumatized Carapace  
  199  11:57  Burrow  
  199  12:53  Roach x2  
  199  12:57  Roach x5  
  159  12:58  Roach x2  
  159  12:59  Roach x2  
  159  13:00  Roach x8  
  159  13:01  Roach x2  
  159  13:04  Roach  
  145  13:07  Roach  
  145  13:09  Roach x3  
  109  13:14  Overseer, Roach x2  
  109  13:18  Roach  
  109  13:19  Roach  
  117  13:20  Roach x3  
  117  13:21  Roach  
  117  13:22  Roach  
  127  13:29  Adrenal Glands  
  131  13:34  Roach x6  
  131  13:35  Roach  
  131  13:39  Overseer  
  131  13:40  Overseer x4  
  141  13:41  Roach x2  
  141  13:42  Roach x4  
  141  13:46  Roach  
  141  13:47  Roach  
  157  13:58  Roach x6  
  157  13:59  Roach x2  
  173  14:08  Roach x3  
  173  14:09  Roach x3  
  185  14:10  Roach  
  177  14:25  Roach x6  
  177  14:29  Roach x6  
  189  14:58  Roach  
  176  15:00  Roach  
  132  15:14  Roach x4  
  132  15:16  Roach x2  
  132  15:17  Roach x2  
  132  15:18  Roach x2  
  104  15:25  Roach  
  104  15:26  Roach  
  104  15:28  Roach  
  62  15:38  Roach  
Show
View Real Time Build Order
Export as new Build Order

DarthVader Zerg - Winner!

Build Orders: Pool First, Lurkers 

Get SALT Encoding   

  12  0:16  Drone x2  
  12  0:17  Overlord  
  14  0:36  Spawning Pool  
  14  0:40  Extractor  
  14  0:41  Drone  
  13  0:45  Drone  
  14  0:53  Drone  
  15  1:00  Drone  
  16  1:11  Drone  
  17  1:22  Overlord  
  17  1:24  Queen  
  19  1:32  Drone  
  20  1:42  Drone  
  21  1:56  Hatchery  
  21  2:00  Metabolic Boost  
  20  2:12  Queen  
  22  2:16  Drone  
  22  2:20  Zergling x2  
  24  2:23  Zergling x2  
  25  2:30  Overlord  
  25  2:43  Zergling x2  
  25  2:44  Zergling x4  
  28  2:51  Overlord  
  28  3:00  Queen  
  28  3:02  Zergling x2  
  31  3:10  Zergling x4  
  34  3:12  Zergling x2  
  34  3:23  Pneumatized Carapace  
  34  3:24  Drone  
  34  3:25  Drone  
  36  3:32  Zergling x4  
  38  3:43  Lair  
  38  3:45  Zergling x2  
  38  3:48  Zergling x2  
  40  3:51  Zergling x2  
  41  4:03  Drone x3  
  42  4:16  Zergling x8  
  39  4:42  Queen  
  39  4:43  Drone x3  
  42  4:48  Extractor  
  42  4:49  Drone x3  
  42  4:50  Drone x2  
  43  5:00  Hydralisk Den  
  43  5:02  Drone  
  43  5:08  Extractor  
  43  5:09  Drone, Extractor  
  42  5:27  Overlord x2  
  42  5:29  Hydralisk  
  42  5:35  Lurker Den  
  43  5:37  Queen  
  43  5:38  Drone  
  43  5:39  Drone x2  
  48  5:55  Grooved Spines  
  48  5:59  Drone  
  48  6:00  Drone  
  48  6:02  Overseer  
  48  6:03  Hatchery  
  49  6:18  Hydralisk x3  
  49  6:21  Hydralisk  
  57  6:26  Drone x2  
  57  6:29  Drone  
  57  6:31  Drone  
  61  6:34  Drone  
  62  6:42  Lurker  
  62  6:45  Lurker x3  
  66  7:09  Evolution Chamber  
  66  7:10  Drone  
  66  7:11  Drone x2  
  66  7:15  Queen  
  70  7:23  Drone  
  70  7:27  Drone  
  70  7:28  Drone  
  73  7:42  Overlord x3  
  73  7:43  Overlord x4  
  73  7:46  Muscular Augments  
  73  7:59  Zerg Melee Weapons Level 1  
  73  8:00  Queen  
  73  8:01  Drone  
  73  8:02  Drone x2  
  73  8:03  Hydralisk x2  
  82  8:17  Drone  
  82  8:18  Drone x2  
  85  8:29  Hydralisk  
  85  8:30  Hydralisk x5  
  85  8:31  Hydralisk  
  99  8:35  Drone x2  
  101  8:42  Queen  
  101  8:43  Drone  
  101  8:44  Drone  
  105  8:55  Hydralisk x4  
  105  8:58  Hydralisk  
  115  9:08  Extractor  
  115  9:09  Drone x2, Extractor  
  115  9:37  Evolution Chamber  
  113  9:38  Evolution Chamber  
  113  9:41  Infestation Pit  
  80  10:03  Lurker x2  
  82  10:08  Lurker x3  
  82  10:09  Lurker x2  
  87  10:17  Drone x3  
  87  10:18  Queen  
  92  10:29  Overlord  
  77  11:09  Zerg Melee Weapons Level 2  
  77  11:10  Zerg Missile Weapons Level 1  
  77  11:11  Zerg Ground Armor Level 1  
  71  11:12  Hive  
  71  11:22  Drone x3  
  71  11:23  Drone  
  71  11:24  Drone  
  76  11:53  Hydralisk  
  76  11:54  Hydralisk x5  
  76  11:55  Hydralisk x6  
  76  11:56  Hydralisk x5  
  76  11:57  Hydralisk x2  
  114  12:13  Overlord x2  
  114  12:14  Overlord x2  
  114  12:32  Hydralisk x3  
  114  12:33  Hydralisk x5  
  114  12:34  Hydralisk  
  132  12:44  Overlord  
  132  12:58  Hydralisk  
  132  12:59  Hydralisk x5  
  132  13:00  Hydralisk x5  
  132  13:01  Hydralisk x5  
  132  13:02  Hydralisk x3  
  170  13:11  Zerg Missile Weapons Level 2  
  170  13:19  Zerg Ground Armor Level 2  
  170  13:42  Overlord x3  
  170  13:43  Overlord x4  
  170  13:44  Overlord x4  
  170  14:10  Hatchery  
  169  14:27  Unknown  
  165  15:16  Hydralisk x2  
  165  15:17  Hydralisk x5  
  165  15:18  Hydralisk x5  
  165  15:19  Hydralisk x5  
  165  15:20  Hydralisk  
Show
View Real Time Build Order
Export as new Build Order

DollarEuro Protoss 

Build Orders: Double Forge, Blink Stalkers 

Get SALT Encoding   

  12  0:06  Probe  
  13  0:18  Probe  
  14  0:22  Pylon  
  14  0:26  Assimilator  
  14  0:30  Probe  
  15  0:47  Probe  
  16  0:55  Gateway  
  16  0:59  Probe  
  17  1:13  Assimilator  
  17  1:19  Pylon  
  17  1:23  Probe  
  18  1:35  Probe  
  18  1:39  Gateway  
  19  1:48  Cybernetics Core  
  19  1:53  Probe  
  20  2:02  Pylon  
  20  2:05  Probe  
  21  2:16  Warp Gate  
  21  2:20  Gateway  
  21  2:31  Stalker  
  21  2:36  Twilight Council  
  23  2:46  Gateway  
  23  2:50  Probe  
  24  3:02  Probe  
  25  3:10  Blink  
  25  3:14  Probe  
  26  3:22  Nexus  
  26  3:23  Stalker  
  26  3:26  Probe  
  29  3:38  Assimilator  
  29  3:42  Assimilator  
  29  3:52  Stalker  
  29  3:55  Pylon  
  31  4:13  Stalker  
  31  4:14  Forge  
  33  4:23  Zealot  
  33  4:24  Zealot  
  37  4:31  Gateway  
  37  4:32  Gateway  
  37  4:35  Templar Archives  
  37  4:41  Robotics Facility  
  37  4:42  Protoss Ground Armor Level 1  
  37  4:43  Probe x2  
  39  4:55  Probe  
  39  4:57  Probe  
  39  4:59  Forge  
  40  5:05  Probe  
  41  5:07  Probe  
  41  5:08  Stalker  
  45  5:21  Pylon  
  45  5:32  Probe  
  45  5:35  Probe  
  45  5:38  Nexus  
  45  5:40  Probe  
  45  5:41  Pylon  
  47  5:46  Pylon  
  47  5:48  Probe  
  49  5:50  Probe  
  49  5:55  Gateway  
  50  6:01  Pylon  
  50  6:04  Stalker  
  52  6:05  Stalker, Gateway  
  52  6:09  Probe x2  
  56  6:21  Probe x2  
  56  6:22  Gateway  
  58  6:27  Gateway  
  58  6:33  Protoss Shields Level 1, Probe x2, Protoss Ground Weapons Level 1  
  60  6:45  Probe x2  
  62  6:47  Charge  
  62  6:51  Sentry  
  62  6:52  Sentry  
  62  6:53  Stalker  
  68  6:55  Probe  
  68  6:57  Probe x2  
  71  7:09  Nexus, Probe  
  71  7:12  Assimilator  
  71  7:14  Probe  
  73  7:16  Probe  
  73  7:17  Assimilator  
  73  7:21  Probe  
  75  7:26  Probe  
  75  7:28  Probe  
  77  7:34  Stalker x3  
  77  7:35  Stalker  
  85  7:42  Gateway  
  85  7:46  Gateway  
  85  7:48  Gateway  
  85  7:53  Shield Battery x2  
  85  8:00  Gateway  
  85  8:03  Gateway  
  85  8:04  Pylon  
  85  8:19  Stalker x3  
  91  8:20  Stalker x3  
  91  8:22  Stalker  
  99  8:41  Probe x2  
  99  8:42  Probe  
  99  8:47  Probe  
  99  8:48  Stalker  
  105  8:53  Probe  
  105  8:54  Pylon, Probe x2  
  108  8:57  Pylon, Assimilator  
  108  8:58  Protoss Ground Weapons Level 2, Protoss Ground Armor Level 2  
  108  8:59  Pylon, Probe  
  109  9:05  Probe  
  109  9:06  Probe x2  
  109  9:07  Shield Battery  
  112  9:11  Shield Battery, Probe  
  112  9:16  Stalker x2  
  117  9:17  Stalker  
  117  9:18  Probe x2  
  102  9:48  Probe x3  
  102  9:49  Probe  
  101  10:00  Probe x2  
  101  10:08  Observer  
  101  10:09  Stalker x2  
  101  10:10  Stalker x6  
  101  10:11  Stalker  
  101  10:12  Stalker x3  
  126  10:18  Probe x4  
  130  10:21  Observer  
  130  10:23  Photon Cannon  
  131  10:29  Pylon  
  131  10:30  Probe x4  
  135  10:39  Observer  
  135  10:42  Probe x4  
  139  10:54  Probe x3  
  141  10:57  Observer  
  142  11:13  Probe x3  
  142  11:14  Observer, Probe  
  142  11:15  Pylon  
  142  11:18  Photon Cannon  
  147  11:19  Photon Cannon  
  148  11:25  Probe x2  
  148  11:26  Protoss Ground Weapons Level 3, Protoss Ground Armor Level 3, Probe x2, Photon Cannon  
  148  11:28  Photon Cannon  
  148  11:31  Pylon  
  151  11:35  Stalker x2  
  151  11:36  Stalker  
  151  11:38  Assimilator  
  125  12:08  Shield Battery  
  125  12:11  Shield Battery  
  125  12:12  Shield Battery  
  125  12:15  Shield Battery  
  124  12:20  Stalker x2  
  124  12:21  Stalker  
  124  12:22  Zealot x3  
  135  12:23  Zealot x4  
  135  12:24  Stalker x3  
  135  12:28  Stalker x2  
  126  13:00  Zealot x2  
  126  13:01  Zealot x3  
  126  13:03  Zealot  
  126  13:04  Stalker x4  
  126  13:05  Stalker  
  82  13:19  Pylon  
  82  13:20  Stalker x3  
  82  13:21  Pylon x2, Stalker x2  
  82  13:23  Gateway  
  92  13:27  Assimilator  
  58  13:41  Zealot  
  58  13:42  Zealot x3  
  58  13:43  Stalker x2  
  70  13:52  Stalker  
  70  13:53  Stalker x2  
  70  13:55  Probe  
  73  14:01  Stalker  
  73  14:02  Stalker  
  49  14:34  Stalker x4  
  49  14:35  Zealot x3  
  62  14:40  Probe x2  
  64  14:45  Probe  
  64  14:52  Probe  
  62  15:02  Pylon  
  62  15:10  Stalker x4  
  62  15:11  Zealot  
  62  15:12  Zealot  
  72  15:20  Zealot  
  72  15:21  Zealot  
  68  15:34  Stalker x3  
Show
View Real Time Build Order
Export as new Build Order

Neeb Terran - Winner!

Build Orders: 2 Factory, Mech 

Get SALT Encoding   

  12  0:00  SCV  
  13  0:12  SCV  
  14  0:21  Supply Depot  
  14  0:24  SCV  
  15  0:31  Refinery  
  15  0:43  SCV  
  15  0:46  Barracks  
  16  0:56  SCV  
  17  1:08  SCV  
  18  1:20  SCV  
  19  1:33  Reaper  
  19  1:35  SCV  
  21  1:40  Command Center  
  21  1:52  Orbital Command  
  21  2:00  Factory  
  21  2:06  Barracks Tech Lab  
  21  2:13  Refinery  
  21  2:18  Supply Depot  
  22  2:22  SCV  
  22  2:37  SCV  
  23  2:51  Siege Tank  
  26  3:06  SCV  
  26  3:10  Factory  
  27  3:18  Barracks Reactor  
  27  3:32  Orbital Command  
  27  3:45  Factory  
  27  3:50  SCV  
  28  3:58  SCV  
  28  4:02  SCV  
  30  4:04  Infernal Pre-Igniter  
  30  4:07  Hellion  
  30  4:08  Hellion  
  30  4:09  Refinery  
  34  4:10  SCV, Siege Tank  
  34  4:14  SCV  
  34  4:16  Refinery  
  39  4:20  Supply Depot  
  39  4:22  SCV  
  40  4:26  SCV  
  41  4:34  SCV  
  41  4:35  Factory Tech Lab, Command Center  
  42  4:42  Hellion  
  42  4:43  Hellion  
  46  4:48  SCV x2  
  48  4:59  Supply Depot  
  48  5:00  SCV x2  
  48  5:01  Siege Tank  
  53  5:12  SCV  
  54  5:19  Supply Depot  
  54  5:20  Widow Mine x2, SCV  
  59  5:22  Supply Depot  
  59  5:34  Siege Tank  
  61  6:00  Engineering Bay  
  61  6:02  Orbital Command  
  61  6:07  Siege Tank  
  61  6:08  Hellion x2, Siege Tank  
  69  6:32  Hellion x2  
  73  6:34  SCV x3  
  79  6:40  Siege Tank x2  
  79  6:46  SCV x3, Supply Depot  
  85  6:51  Refinery  
  85  6:53  Refinery  
  85  6:58  SCV x2  
  85  6:59  SCV  
  88  7:08  Armory  
  88  7:09  Armory, Supply Depot  
  88  7:10  SCV x2  
  88  7:11  Supply Depot, SCV  
  91  7:22  SCV x2  
  93  7:23  Factory, SCV  
  93  7:26  Factory  
  98  7:30  Hellion x2, Siege Tank  
  98  7:31  Siege Tank  
  98  7:36  Supply Depot  
  104  7:37  Supply Depot  
  104  7:38  Supply Depot  
  104  7:39  Supply Depot  
  104  7:43  Supply Depot  
  104  7:58  Command Center  
  104  8:04  Missile Turret  
  104  8:05  Missile Turret x2  
  104  8:06  Missile Turret  
  104  8:17  Thor  
  104  8:18  Factory Tech Lab  
  110  8:22  SCV x2  
  110  8:23  SCV  
  113  8:27  Factory Tech Lab  
  113  8:33  Missile Turret  
  113  8:35  Missile Turret, SCV x2  
  113  8:38  Terran Vehicle And Ship Armor Level 1, Terran Vehicle Weapons Level 1  
  115  8:42  Missile Turret  
  115  8:46  Thor  
  123  8:48  Widow Mine  
  123  8:50  Widow Mine  
  125  9:02  Thor  
  131  9:10  Missile Turret  
  131  9:11  Orbital Command  
  131  9:12  Missile Turret  
  131  9:13  SCV x2  
  131  9:14  SCV  
  134  9:22  Command Center  
  134  9:25  SCV x2  
  134  9:26  SCV  
  137  9:37  SCV  
  137  9:38  SCV  
  127  10:02  Thor  
  127  10:03  Thor x3  
  127  10:04  Widow Mine x2  
  127  10:05  Drilling Claws  
  149  10:13  Supply Depot  
  149  10:15  Supply Depot, Refinery  
  149  10:17  Refinery  
  149  10:20  SCV  
  150  10:31  Factory  
  150  10:32  Factory  
  150  10:34  Factory  
  150  10:35  Factory  
  150  10:39  Orbital Command  
  150  10:41  Terran Vehicle Weapons Level 2, Terran Vehicle And Ship Armor Level 2  
  150  10:45  Thor x2  
  150  10:48  Thor  
  168  11:07  Thor  
  168  11:09  Widow Mine x2  
  178  11:17  Factory Tech Lab x2  
  178  11:18  Factory Tech Lab  
  178  11:20  Factory Tech Lab  
  178  11:28  Thor  
  184  11:48  Thor x2  
  196  12:10  Command Center  
  196  12:55  Thor x2  
  196  12:57  Thor  
  196  13:00  Thor  
  196  13:01  Thor  
  194  13:08  Thor x2  
  194  13:10  Terran Vehicle Weapons Level 3, Terran Vehicle And Ship Armor Level 3  
  155  14:04  Thor x6  
  155  14:05  Thor  
  197  14:21  Thor  
  154  14:47  Thor x6  
  138  15:22  Widow Mine x2  
  145  15:47  Refinery  
  157  15:57  Factory Tech Lab  
Show
View Real Time Build Order
Export as new Build Order

Cannes Protoss 

Build Orders: Double Forge, Carriers 

Get SALT Encoding   

  12  0:18  Probe  
  12  0:20  Pylon  
  12  0:26  Probe  
  12  0:27  Assimilator  
  13  0:32  Assimilator  
  14  0:36  Probe  
  15  0:48  Probe  
  15  0:49  Forge  
  16  1:00  Probe  
  17  1:12  Probe  
  17  1:14  Forge  
  18  1:21  Probe  
  19  1:30  Probe  
  19  1:38  Probe  
  21  1:49  Photon Cannon  
  21  1:50  Probe, Photon Cannon  
  21  1:53  Gateway  
  22  2:00  Pylon  
  22  2:27  Pylon, Photon Cannon  
  22  2:33  Pylon  
  22  2:46  Nexus  
  22  2:59  Probe  
  23  3:08  Cybernetics Core  
  23  3:11  Probe  
  24  3:14  Photon Cannon  
  24  3:23  Probe  
  25  3:29  Pylon  
  25  3:35  Probe  
  26  3:47  Probe  
  26  3:48  Stargate  
  27  3:52  Stargate  
  27  3:55  Probe  
  28  4:03  Probe  
  29  4:12  Probe  
  30  4:20  Photon Cannon x2  
  30  4:22  Photon Cannon  
  30  4:24  Probe  
  30  4:27  Pylon  
  30  4:28  Void Ray  
  30  4:29  Shield Battery  
  31  4:34  Void Ray  
  31  4:36  Probe  
  40  4:49  Probe  
  41  4:54  Nexus  
  41  4:59  Probe  
  42  5:07  Probe  
  47  5:16  Probe  
  47  5:18  Void Ray  
  48  5:28  Probe  
  48  5:30  Pylon  
  48  5:31  Assimilator  
  48  5:32  Assimilator  
  53  5:38  Void Ray  
  53  5:40  Probe  
  53  5:41  Fleet Beacon  
  54  5:48  Stargate  
  54  5:52  Pylon, Probe  
  55  6:00  Probe  
  55  6:01  Assimilator  
  55  6:02  Assimilator  
  55  6:09  Probe  
  60  6:16  Void Ray  
  61  6:20  Cybernetics Core  
  61  6:21  Probe  
  66  6:27  Void Ray  
  66  6:29  Probe x2  
  68  6:33  Probe  
  73  6:41  Probe x2  
  73  6:45  Void Ray  
  75  6:50  Protoss Shields Level 1  
  75  6:53  Probe x2  
  75  6:54  Flux Vanes  
  77  6:59  Protoss Air Weapons Level 1  
  77  7:02  Carrier  
  83  7:14  Probe x2  
  85  7:25  Carrier  
  91  7:38  Carrier  
  97  7:57  Probe x2  
  99  8:09  Probe  
  99  8:10  Probe  
  101  8:14  Stargate  
  101  8:18  Pylon  
  98  8:20  Pylon  
  98  8:21  Probe  
  98  8:22  Pylon, Probe  
  99  8:33  Probe  
  99  8:34  Probe  
  101  8:37  Carrier x2  
  113  8:42  Probe  
  113  8:44  Photon Cannon  
  113  8:45  Probe  
  113  8:46  Probe, Photon Cannon  
  116  8:50  Probe  
  123  8:55  Carrier  
  123  9:00  Probe  
  124  9:11  Twilight Council  
  124  9:12  Probe  
  124  9:14  Protoss Air Armor Level 1  
  125  9:17  Protoss Air Weapons Level 2  
  125  9:24  Probe  
  126  9:32  Probe  
  126  9:36  Probe  
  128  9:44  Probe  
  129  9:48  Probe  
  126  9:56  Probe  
  127  10:00  Probe  
  127  10:08  Carrier  
  133  10:39  Pylon  
  133  10:42  Pylon x3, Protoss Shields Level 2  
  133  10:45  Pylon x2  
  133  10:51  Carrier  
  133  10:53  Carrier x2  
  140  10:57  Probe  
  144  11:20  Carrier  
  150  11:47  Stargate  
  150  11:53  Protoss Air Armor Level 2  
  150  11:56  Carrier  
  150  11:57  Carrier  
  150  11:58  Protoss Air Weapons Level 3  
  150  11:59  Carrier  
  168  12:19  Shield Battery x2  
  168  12:24  Carrier, Shield Battery  
  168  12:26  Photon Cannon  
  158  12:42  Carrier  
  152  13:00  Carrier  
  152  13:02  Carrier  
  134  13:07  Carrier  
  128  13:16  Nexus  
  128  13:26  Nexus  
  128  13:28  Carrier, Nexus  
  116  13:46  Carrier  
  122  14:06  Pylon  
  122  14:07  Pylon  
  122  14:09  Pylon  
  80  14:49  Probe  
  80  14:52  Carrier x2  
  92  14:53  Carrier x3  
  108  15:02  Probe  
  108  15:14  Assimilator, Probe  
  109  15:18  Assimilator  
  109  15:26  Probe  
  110  15:38  Probe  
Show
View Real Time Build Order
Export as new Build Order

Saber Zerg - Winner!

Build Orders: Pool First 

Get SALT Encoding   

  12  0:00  Drone  
  13  0:08  Drone  
  14  0:17  Overlord  
  14  0:36  Drone x3  
  17  0:49  Drone, Spawning Pool  
  17  1:11  Drone, Hatchery  
  16  1:16  Drone  
  18  1:19  Extractor  
  18  1:22  Drone  
  18  1:30  Drone  
  19  1:35  Queen  
  21  1:41  Drone  
  22  1:52  Overlord  
  22  2:02  Overlord  
  22  2:15  Baneling Nest  
  22  2:16  Drone  
  22  2:24  Drone x2  
  22  2:26  Queen  
  26  2:35  Zergling x4  
  28  2:43  Drone  
  28  2:44  Drone x2  
  31  2:45  Drone  
  31  2:46  Metabolic Boost  
  32  3:00  Spine Crawler  
  32  3:03  Spine Crawler  
  30  3:11  Spine Crawler  
  30  3:12  Drone  
  30  3:13  Spine Crawler  
  30  3:18  Drone x2  
  31  3:23  Zergling x2  
  32  3:32  Drone x2  
  32  3:33  Drone x2  
  36  3:41  Spore Crawler  
  36  3:43  Spore Crawler  
  36  3:47  Drone x2  
  36  3:54  Drone x3  
  39  4:00  Baneling x3  
  39  4:01  Baneling  
  39  4:07  Drone x2  
  39  4:08  Drone x2  
  43  4:10  Drone  
  43  4:12  Baneling x2  
  43  4:17  Overlord  
  44  4:22  Lair  
  44  4:26  Overlord  
  44  4:31  Overlord  
  44  4:35  Extractor, Overlord  
  44  4:36  Extractor  
  42  4:52  Hatchery  
  41  4:57  Zergling x6  
  41  4:58  Zergling x8  
  48  5:04  Drone  
  49  5:09  Drone  
  50  5:14  Drone  
  51  5:22  Extractor  
  51  5:23  Hydralisk Den  
  51  5:25  Drone  
  51  5:26  Drone x3  
  53  5:33  Drone x2  
  55  5:43  Drone  
  55  5:44  Drone  
  57  5:58  Drone  
  57  5:59  Drone x3  
  57  6:01  Lurker Den  
  55  6:09  Zergling x2  
  52  6:20  Zergling x2  
  52  6:21  Hydralisk x2  
  52  6:22  Hydralisk x6  
  68  6:27  Drone  
  68  6:28  Drone x2  
  68  6:31  Queen  
  68  6:32  Drone x3  
  76  6:34  Grooved Spines  
  76  6:37  Overlord x3  
  76  6:38  Spore Crawler  
  75  6:44  Pneumatized Carapace  
  75  6:45  Overseer  
  75  6:46  Drone  
  76  6:48  Drone  
  76  6:49  Drone  
  78  6:57  Drone  
  78  7:01  Drone  
  80  7:05  Overseer  
  80  7:09  Drone x5  
  80  7:10  Drone  
  80  7:11  Nydus Network  
  80  7:15  Extractor  
  84  7:24  Drone  
  84  7:25  Drone x4, Hatchery  
  88  7:31  Hatchery  
  88  7:36  Muscular Augments  
  87  7:37  Evolution Chamber  
  87  7:38  Evolution Chamber, Overlord x2  
  87  7:44  Extractor  
  84  7:59  Nydus Canal  
  84  8:07  Zerg Missile Weapons Level 1, Zerg Ground Armor Level 1  
  84  8:08  Drone  
  84  8:09  Drone x14, Infestation Pit  
  98  8:16  Nydus Canal  
  98  8:25  Hydralisk  
  96  8:35  Baneling x3  
  96  8:36  Baneling  
  96  8:37  Centrifugal Hooks  
  96  8:42  Overlord x2, Burrow  
  96  8:43  Overlord x2  
  96  8:45  Drone x8  
  96  8:46  Queen  
  106  8:54  Nydus Canal  
  106  9:01  Drone  
  106  9:02  Drone x7, Spore Crawler  
  114  9:06  Extractor x2, Overlord  
  114  9:07  Overlord x3  
  109  9:27  Hydralisk x3  
  109  9:28  Hydralisk x8  
  131  9:31  Hydralisk  
  131  9:32  Hydralisk x2  
  131  9:35  Hydralisk  
  137  9:40  Queen  
  137  9:41  Drone  
  137  9:45  Hydralisk x4  
  140  9:49  Hydralisk  
  140  9:52  Hive  
  150  9:59  Overseer  
  150  10:10  Spine Crawler, Hydralisk  
  150  10:11  Hydralisk, Spine Crawler  
  152  10:16  Drone x3  
  152  10:17  Drone x4  
  159  10:21  Zerg Missile Weapons Level 2, Zerg Ground Armor Level 2  
  159  10:25  Drone x8  
  159  10:26  Drone  
  168  10:28  Hydralisk x3  
  174  10:37  Drone  
  174  10:38  Drone x8  
  174  10:40  Extractor  
  182  10:48  Overlord x3  
  182  10:51  Microbial Shroud, Hatchery  
  182  10:56  Hydralisk x7  
  182  10:57  Hydralisk  
  197  11:11  Hydralisk x4  
  193  11:29  Spore Crawler x2  
  193  11:31  Spore Crawler  
  193  11:32  Spore Crawler x2, Extractor  
  187  11:34  Spore Crawler, Viper x3  
  187  11:35  Hydralisk  
  187  11:36  Hydralisk  
  199  11:56  Adaptive Talons  
  199  12:00  Hatchery  
  198  12:08  Hatchery  
  198  12:09  Neural Parasite  
  195  12:35  Hydralisk x7  
  195  12:36  Hydralisk x4  
  179  12:53  Seismic Spines  
  179  12:54  Hydralisk x9  
  179  12:55  Hydralisk  
  195  12:59  Unknown  
  195  13:02  Hydralisk x8  
  185  13:14  Hydralisk x7  
  193  14:11  Extractor  
  193  14:13  Extractor  
  193  14:15  Hydralisk x8  
  160  14:47  Hydralisk x14  
  160  14:48  Hydralisk x6  
Show
View Real Time Build Order
Export as new Build Order

Serg Protoss 

Build Orders:  

Get SALT Encoding   

  12  0:26  Probe  
  12  0:34  Probe  
  13  0:40  Pylon  
  13  0:41  Assimilator  
  14  0:44  Probe  
  15  1:01  Probe  
  16  1:06  Assimilator  
  16  1:13  Probe  
  17  1:25  Probe  
  18  1:37  Probe  
  19  1:49  Probe  
  20  2:03  Probe  
  21  2:11  Probe  
  22  2:19  Probe  
  22  3:15  Probe  
Tags
 
Add a new tag
Caveats
  • Supply blocks, unpowered buildings, or Contaminate may cause inaccurate times.
  • Supply counts are checked every 10 seconds.